[ PARTIDA AOE2 · #471452980 ]
1v1 RMRomanos vs Magyars
Equipo del jugador · VICT
Equipo rival · DERR
[ ANÁLISIS DE REPETICIÓN · EXTRAÍDO DE LA PARTIDA GRABADA ]
Feudal
11:03
Castillos
21:43
Imperial
—
| APM promedio | 25.4 |
| APM pico | 86 |
| eAPM promedio | 13.4 |
| Aldeanos / militares | 60 / 42 |
Foco
⚔️ 24.3% · 🌾 75.7%
Militia ×22 · Spearman ×10 · Scorpion ×5 · Skirmisher ×3 · Centurion ×2
Feudal
9:38
Castillos
22:09
Imperial
—
| APM promedio | 34.6 |
| APM pico | 67 |
| eAPM promedio | 11.7 |
| Aldeanos / militares | 36 / 13 |
Foco
⚔️ 19.9% · 🌾 80.1%
Militia ×6 · Monk ×4 · Knight ×3
Mapa de la partida
Recursos iniciales + cada clic de construcción. Líneas = muros · curvas = relieve. ◆ oro · ⬟ piedra · ● bayas · ✦ reliquia · ◌ hueco del cierre
Tu base· Abierta — flanco sin cerrar
Base de Victor3· Abierta — flanco sin cerrar
Terreno inicial suavizado · ◌ = hueco del cierre detectado · pasá el cursor para detalles
Inputs por minuto
— Soultek - - Victor3
Build order — Soultek
Primeras 150 de 186 acciones detectadas
| 0:00 | Crear | Villager (Male) |
| 0:01 | Crear | Villager (Male) |
| 0:01 | Crear | Villager (Male) |
| 0:01 | Crear | Villager (Male) |
| 0:02 | Crear | Villager (Male) |
| 0:02 | Construir | House |
| 0:04 | Construir | House |
| 1:41 | Crear | Villager (Male) |
| 1:52 | Construir | Lumber Camp |
| 1:55 | Crear | Villager (Male) |
| 2:13 | Crear | Villager (Male) |
| 2:14 | Crear | Villager (Male) |
| 2:47 | Crear | Villager (Male) |
| 3:04 | Crear | Villager (Male) |
| 3:25 | Crear | Villager (Male) |
| 3:25 | Crear | Villager (Male) |
| 3:43 | Crear | Villager (Male) |
| 3:53 | Construir | House |
| 4:24 | Construir | Mill |
| 4:35 | Crear | Villager (Male) |
| 4:39 | Crear | Villager (Male) |
| 4:39 | Crear | Villager (Male) |
| 5:14 | Crear | Villager (Male) |
| 5:14 | Crear | Villager (Male) |
| 5:26 | Crear | Villager (Male) |
| 6:03 | Construir | House |
| 6:05 | Crear | Villager (Male) |
| 6:15 | Crear | Villager (Male) |
| 6:25 | Construir | Lumber Camp |
| 6:51 | Crear | Villager (Male) |
| 7:01 | Construir | House |
| 7:03 | Construir | House |
| 7:12 | Crear | Villager (Male) |
| 7:52 | Construir | Barracks |
| 7:58 | Construir | Farm |
| 8:18 | Construir | Farm |
| 8:28 | Investigar | Loom |
| 8:37 | Investigar | Feudal Age |
| 8:47 | Construir | Mining Camp |
| 9:01 | Construir | House |
| 9:03 | Construir | House |
| 9:09 | Crear | Militia |
| 9:09 | Crear | Militia |
| 9:10 | Crear | Militia |
| 9:54 | Crear | Villager (Male) |
| 10:13 | Construir | House |
| 10:14 | Construir | House |
| 10:15 | Construir | House |
| 10:39 | Crear | Militia |
| 10:39 | Crear | Militia |
| 10:59 | Construir | House |
| 11:00 | Construir | House |
| 11:01 | Construir | House |
| 11:03 | Edad | Edad Feudal |
| 11:38 | Construir | Blacksmith |
| 11:40 | Investigar | Man-at-Arms (upgrade) |
| 11:49 | Construir | Watch Tower |
| 11:50 | Crear | Villager (Male) |
| 11:51 | Crear | Villager (Male) |
| 12:02 | Construir | Farm |
| 12:02 | Construir | Farm |
| 12:03 | Construir | Farm |
| 12:03 | Construir | Farm |
| 12:03 | Construir | Farm |
| 12:03 | Construir | Farm |
| 12:04 | Construir | Farm |
| 12:04 | Construir | Farm |
| 12:27 | Construir | House |
| 12:28 | Construir | House |
| 12:38 | Crear | Villager (Male) |
| 12:49 | Investigar | Scale Mail Armor |
| 12:53 | Crear | Villager (Male) |
| 12:53 | Crear | Villager (Male) |
| 13:21 | Construir | House |
| 13:23 | Construir | House |
| 13:25 | Construir | House |
| 13:27 | Construir | House |
| 13:30 | Crear | Villager (Male) |
| 13:33 | Crear | Militia |
| 13:34 | Crear | Militia |
| 14:00 | Crear | Militia |
| 14:01 | Crear | Militia |
| 15:03 | Crear | Villager (Male) |
| 15:03 | Crear | Villager (Male) |
| 15:06 | Construir | Farm |
| 15:06 | Construir | Farm |
| 15:06 | Construir | Farm |
| 15:07 | Construir | Farm |
| 15:07 | Construir | Farm |
| 15:07 | Construir | Farm |
| 15:07 | Construir | Farm |
| 15:08 | Construir | Farm |
| 15:08 | Construir | Farm |
| 15:08 | Construir | Farm |
| 15:09 | Crear | Villager (Male) |
| 15:10 | Crear | Villager (Male) |
| 15:31 | Crear | Villager (Male) |
| 15:57 | Construir | Mining Camp |
| 16:15 | Construir | Mill |
| 16:52 | Crear | Villager (Male) |
| 17:00 | Construir | Market |
| 17:28 | Crear | Villager (Male) |
| 17:34 | Crear | Villager (Male) |
| 18:00 | Crear | Villager (Male) |
| 18:00 | Crear | Villager (Male) |
| 18:45 | Crear | Villager (Male) |
| 19:00 | Investigar | Castle Age |
| 19:06 | Crear | Militia |
| 19:06 | Crear | Militia |
| 19:06 | Crear | Militia |
| 19:25 | Construir | Farm |
| 19:29 | Construir | Farm |
| 19:51 | Crear | Militia |
| 19:52 | Crear | Militia |
| 19:56 | Investigar | Forging |
| 20:18 | Construir | Farm |
| 20:22 | Crear | Villager (Male) |
| 20:23 | Crear | Villager (Male) |
| 20:25 | Investigar | Double-Bit Axe |
| 20:49 | Crear | Militia |
| 20:50 | Crear | Militia |
| 21:02 | Construir | Farm |
| 21:25 | Construir | Archery Range |
| 21:32 | Construir | Barracks |
| 21:38 | Construir | Barracks |
| 21:43 | Edad | Edad de los Castillos |
| 21:58 | Investigar | Long Swordsman (upgrade) |
| 22:16 | Crear | Villager (Male) |
| 22:17 | Crear | Villager (Male) |
| 22:27 | Construir | Town Center |
| 22:33 | Crear | Skirmisher |
| 22:34 | Crear | Skirmisher |
| 22:34 | Crear | Skirmisher |
| 22:44 | Crear | Villager (Male) |
| 22:57 | Crear | Militia |
| 22:58 | Crear | Militia |
| 23:41 | Investigar | Squires |
| 23:44 | Crear | Spearman |
| 23:44 | Crear | Spearman |
| 23:45 | Crear | Spearman |
| 23:45 | Crear | Spearman |
| 23:45 | Crear | Spearman |
| 24:10 | Construir | Castle |
| 24:20 | Crear | Spearman |
| 24:20 | Crear | Spearman |
| 24:21 | Crear | Spearman |
| 24:23 | Investigar | Pikeman (upgrade) |
| 24:27 | Construir | Barracks |
| 24:40 | Crear | Villager (Male) |
| 24:40 | Crear | Villager (Male) |
Build order — Victor3
118 acciones detectadas en el replay
| 0:00 | Crear | Villager (Male) |
| 0:01 | Crear | Villager (Male) |
| 0:01 | Crear | Villager (Male) |
| 0:02 | Construir | House |
| 0:04 | Construir | House |
| 0:49 | Crear | Villager (Male) |
| 1:15 | Construir | Palisade Wall |
| 1:46 | Crear | Villager (Male) |
| 1:56 | Construir | Lumber Camp |
| 2:04 | Crear | Villager (Male) |
| 2:47 | Crear | Villager (Male) |
| 3:06 | Crear | Villager (Male) |
| 3:53 | Crear | Villager (Male) |
| 4:12 | Crear | Villager (Male) |
| 4:33 | Crear | Villager (Male) |
| 4:44 | Construir | House |
| 4:45 | Construir | House |
| 5:12 | Investigar | Loom |
| 5:38 | Construir | Mill |
| 5:44 | Crear | Villager (Male) |
| 5:44 | Crear | Villager (Male) |
| 6:29 | Crear | Villager (Male) |
| 7:28 | Investigar | Feudal Age |
| 7:37 | Construir | Barracks |
| 8:37 | Crear | Militia |
| 8:37 | Crear | Militia |
| 8:38 | Crear | Militia |
| 8:52 | Crear | Villager (Male) |
| 8:59 | Crear | Militia |
| 9:38 | Edad | Edad Feudal |
| 9:53 | Crear | Villager (Male) |
| 9:53 | Crear | Villager (Male) |
| 9:56 | Investigar | Man-at-Arms (upgrade) |
| 10:00 | Construir | Farm |
| 10:00 | Construir | Farm |
| 10:00 | Construir | Farm |
| 10:01 | Construir | Farm |
| 10:02 | Crear | Villager (Male) |
| 10:24 | Crear | Villager (Male) |
| 10:24 | Crear | Villager (Male) |
| 10:45 | Construir | Farm |
| 10:46 | Construir | Farm |
| 11:18 | Crear | Militia |
| 11:18 | Crear | Militia |
| 11:34 | Construir | Farm |
| 11:34 | Construir | Farm |
| 11:34 | Construir | Farm |
| 11:34 | Construir | Farm |
| 11:38 | Construir | House |
| 11:42 | Construir | House |
| 11:52 | Crear | Villager (Male) |
| 12:41 | Construir | Palisade Gate |
| 12:43 | Construir | Palisade Wall |
| 12:53 | Crear | Villager (Male) |
| 12:59 | Construir | House |
| 13:28 | Construir | House |
| 13:32 | Construir | Palisade Wall |
| 13:38 | Construir | Farm |
| 13:40 | Construir | Farm |
| 14:01 | Construir | Palisade Gate |
| 14:58 | Construir | Farm |
| 14:58 | Construir | Farm |
| 14:58 | Construir | Farm |
| 14:59 | Construir | Farm |
| 14:59 | Construir | Farm |
| 14:59 | Construir | Farm |
| 15:37 | Construir | Mining Camp |
| 16:03 | Construir | Market |
| 16:27 | Construir | House |
| 16:29 | Construir | House |
| 16:50 | Construir | House |
| 16:53 | Construir | House |
| 17:08 | Construir | Palisade Wall |
| 17:29 | Construir | Farm |
| 17:43 | Construir | House |
| 17:45 | Construir | Palisade Wall |
| 17:48 | Construir | House |
| 17:50 | Construir | Palisade Wall |
| 18:24 | Construir | House |
| 18:28 | Construir | House |
| 19:08 | Construir | Stable |
| 19:29 | Investigar | Castle Age |
| 19:43 | Construir | Lumber Camp |
| 20:21 | Investigar | Horse Collar |
| 20:30 | Investigar | Double-Bit Axe |
| 21:28 | Construir | Farm |
| 21:28 | Construir | Farm |
| 22:09 | Edad | Edad de los Castillos |
| 22:12 | Construir | Town Center |
| 22:14 | Crear | Knight |
| 22:15 | Crear | Knight |
| 22:22 | Crear | Villager (Male) |
| 22:42 | Crear | Knight |
| 22:53 | Crear | Villager (Male) |
| 23:20 | Construir | Monastery |
| 23:24 | Investigar | Town Watch |
| 23:54 | Crear | Villager (Male) |
| 24:19 | Crear | Villager (Male) |
| 24:43 | Crear | Monk |
| 24:58 | Crear | Villager (Male) |
| 24:59 | Crear | Villager (Male) |
| 25:00 | Construir | Farm |
| 25:16 | Crear | Villager (Male) |
| 25:16 | Crear | Villager (Male) |
| 25:29 | Construir | Farm |
| 25:40 | Crear | Monk |
| 25:49 | Crear | Villager (Male) |
| 25:50 | Crear | Villager (Male) |
| 25:53 | Construir | Farm |
| 26:14 | Crear | Monk |
| 26:16 | Crear | Villager (Male) |
| 26:17 | Crear | Villager (Male) |
| 26:38 | Construir | Farm |
| 26:50 | Crear | Monk |
| 27:00 | Construir | Farm |
| 27:11 | Crear | Villager (Male) |
| 27:11 | Crear | Villager (Male) |
| 27:20 | Construir | Blacksmith |
Cronología de la partida
| 1:15 | Victor3 · wall_segment Palisade Wall x2 |
| 7:37 | Victor3 · first_building Barracks |
| 7:52 | Soultek · first_building Barracks |
| 9:38 | Victor3 · age_up feudal |
| 11:03 | Soultek · age_up feudal |
| 12:43 | Victor3 · wall_segment Palisade Wall x1 |
| 13:32 | Victor3 · wall_segment Palisade Wall x1 |
| 17:08 | Victor3 · wall_segment Palisade Wall x1 |
| 17:45 | Victor3 · wall_segment Palisade Wall x1 |
| 17:50 | Victor3 · wall_segment Palisade Wall x1 |
| 18:18 | Soultek · first_market_sell 500 wood |
| 18:46 | Victor3 · first_market_sell 100 wood |
| 18:55 | Soultek · first_market_buy 100 food |
| 19:08 | Victor3 · first_building Stable |
| 21:25 | Soultek · first_building Archery Range |
| 21:43 | Soultek · age_up castle |
| 22:09 | Victor3 · age_up castle |
| 23:20 | Victor3 · first_building Monastery |
| 24:10 | Soultek · first_building Castle |
| 26:46 | Soultek · first_building Siege Workshop |
| 27:42 | Victor3 · resign |
[ ANÁLISIS IA · 1 CRÉDITO ]
¿Qué pasó realmente en esta partida?
Wolo.gg analiza cada decisión: build order, eco, micro, errores típicos por bracket. Análisis personalizado por WhatsApp o Discord en 30 segundos.
Guía civ
Romanos
Guía mapa
Arabia
Perfil
Jugador #15068231